 Dungeon Crawl Stone Soup version 0.29.1-13-g9f3cf754e1 (webtiles) character file.

Game seed: 2977730314647898609

49 DildoBatman the Conjurer (level 4, 0/32 HPs)
             Began as a Formicid Conjurer on Jan 23, 2023.
             Frozen to death by an endoplasm (2 damage)
             ... on level 3 of the Dungeon.
             The game lasted 00:03:16 (2087 turns).

DildoBatman the Conjurer (Formicid Conjurer)        Turns: 2087, Time: 00:03:17

Health: 0/32       AC:  2    Str: 12    XL:     4   Next: 1%
Magic:  14/17      EV: 12    Int: 19    God:
Gold:   103        SH:  0    Dex: 12    Spells: 5/8 levels left

rFire   . . .      SeeInvis +   j - +0 dagger (venom)
rCold   + . .      Faith    .   (no shield)
rNeg    . . .      Spirit   .   a - +0 robe
rPois   .          Reflect  .   (helmet unavailable)
rElec   .          Harm     .   (no cloak)
rCorr   .          Rampage  .   (no gloves)
Will    .....                   (no boots)
Stlth   ++........              (no amulet)
HPRegen 0.10/turn               l - ring of protection from cold
MPRegen 0.15/turn               m - ring of magical power

@: no status effects
A: permanent stasis, dig shafts and tunnels, antennae 3, four strong arms
a: Dig, Shaft Self


You were on level 3 of the Dungeon.
You visited 1 branch of the dungeon, and saw 3 of its levels.

You collected 103 gold pieces.

Inventory:

Hand Weapons
 d - a +0 dagger
 j - a +0 dagger of venom (weapon)
Missiles
 h - 3 javelins
 t - a throwing net
Armour
 a - a +0 robe (worn)
Jewellery
 l - a ring of protection from cold (left hand)
 m - a ring of magical power (right hand)
Scrolls
 f - 5 scrolls of teleportation {unknown}
 k - a scroll of torment {unknown}
 p - a scroll of magic mapping {unknown}
 q - a scroll of vulnerability {unknown}
 r - a scroll of identify {unknown}
 s - a scroll of acquirement {unknown}
Potions
 b - a potion of magic
 c - a potion of mutation {unknown}
 e - a potion of lignification {unknown}
 g - 2 potions of curing {unknown}
 i - a potion of heal wounds {unknown}
 n - 4 potions of degeneration {unknown}
 o - a potion of resistance {unknown}


   Skills:
 * Level 1.4 Fighting
 * Level 1.5 Armour
 - Level 2.0 Dodging
 - Level 2.4 Stealth
 * Level 2.7 Spellcasting
 * Level 3.9 Conjurations


You had 5 spell levels left.
You knew the following spells:

 Your Spells              Type           Power      Damage    Failure   Level
a - Searing Ray           Conj           34%        2d5       4%          2
c - Magic Dart            Conj           68%        1d6       3%          1

Your spell library contained the following spells:

 Spells                   Type           Power      Damage    Failure   Level
 Dazzling Flash           Conj/Hex       20%        N/A       22%         3
 Fulminant Prism          Conj/Hex       5%         3d7       56%         4
 Iskenderun's Mystic Bla  Conj/Tloc      10%        2d4       56%         4


Dungeon Overview and Level Annotations

Branches:
Dungeon (3/15)

Altars:


Innate Abilities, Weirdness & Mutations

You cannot be hasted, slowed, berserked, paralysed or teleported.
You can dig through walls and to a lower floor.
You have a pair of large antennae on your head. (SInv)
Your four strong arms can wield two-handed weapons with a shield.


Message History

What are your orders? t - Shout!
Orders for allies: a - Attack new target. r - Retreat! s - Stop attacking. g - Guard the area. f - Follow me.
Anything else - Cancel.
You shout for attention!
The adder bites you. The endoplasm freezes you.
You are frozen.
You resist. The kobold barely misses you. What are your orders? t - Shout!
Orders for allies: a - Attack new target. r - Retreat! s - Stop attacking. g - Guard the area. f - Follow me.
Anything else - Cancel.
You shout for attention!
The adder barely misses you. The rat barely misses you.
The adder bites you but does no damage. The kobold closely misses you.
The endoplasm freezes you.
You are frozen.
You resist. What are your orders? t - Shout!
Orders for allies: a - Attack new target. r - Retreat! s - Stop attacking. g - Guard the area. f - Follow me.
Anything else - Cancel.
You shout for attention!
The adder misses you. The kobold hits you with a +0 whip. The rat bites you.
The endoplasm freezes you.
You are frozen.
You resist.
You die...

## .. . .# ...
#####.#
.....#S....#####
......K@J......>
...#.#.#r######
#.#.# #.#..
#.#### #. #. #.


You could see an adder, an endoplasm, a kobold and a rat.

Vanquished Creatures
  An adder (D:2)
  A worm (D:3)
  2 ball pythons (D:1)
  3 bats
  5 endoplasms
  4 giant cockroaches
  3 goblins
  5 hobgoblins
  A quokka (D:1)
  4 frilled lizards
  5 rats
34 creatures vanquished.

Notes
Turn   | Place    | Note
-------+----------+-------------------------------------------
     0 | D:1      | DildoBatman the Formicid Conjurer began the quest for the
                  | Orb.
     0 | D:1      | Reached XP level 1. HP: 13/13 MP: 3/3
   256 | D:1      | Reached XP level 2. HP: 20/20 MP: 5/5
   259 | D:1      | Learned a level 2 spell: Searing Ray
   874 | D:1      | Reached skill level 1 in Fighting
  1188 | D:2      | Reached skill level 1 in Armour
  1188 | D:2      | Reached XP level 3. HP: 25/26 MP: 6/6
  2072 | D:3      | Reached XP level 4. HP: 32/32 MP: 8/8
  2087 | D:3      | Frozen to death by an endoplasm

Illustrated notes

Levels and vault maps discovered:
D:1:      co_arrival_random_square_maze, layout_loops_corners,
          minmay_tetromino_o2
D:2:      layout_loops_corners
D:3:      layout_basic, nicolae_concentric_dashed_squares_mild, wad_orctagon

Skill      XL: |  1  2 |
---------------+-------+-----
Dodging        | 2 |  2.0
Fighting       | 1 |  1.4
Armour         | 1 |  1.5
Stealth        | |  2.4
Spellcasting   | |  2.7
Conjurations   | |  3.9

Action                   |  1- 3 |  4- 6 || total
-------------------------+-------+-------++-------
Melee: Dagger            |    24 |       ||    24
 Cast: Magic Dart        |    46 |       ||    46
       Searing Ray       |     3 |       ||     3
 Stab: Sleeping          |     3 |       ||     3
Armor: Robe              |    10 |     3 ||    13
Dodge: Dodged            |    21 |    20 ||    41
